 Dungeon Crawl Stone Soup version 0.21.1-1-g345015fe64 (webtiles) character file.

2107 decada the Digger (level 9, -1/78 HPs)
             Began as a Troll Earth Elementalist on July 6, 2018.
             Was a Believer of Ru.
             Shot with a sling bullet by Joseph (17 damage)
             ... on level 8 of the Dungeon.
             The game lasted 01:23:59 (6400 turns).

decada the Digger (Troll Earth Elementalist)        Turns: 6400, Time: 01:24:00

Health: -1/78      AC:  7    Str: 16    XL:     9   Next: 7%
Magic:  2/14       EV: 12    Int: 11    God:    Ru [**....]
Gold:   318        SH:  0    Dex: 11    Spells: 10/16 levels left

rFire    . . .     SeeInvis .     - Unarmed
rCold    . . .     Gourm    +   (no shield)
rNeg     . . .     Faith    .   c - +1 robe
rPois    +         Spirit   .   v - +1 hat
rElec    .         Reflect  .   (no cloak)
rCorr    .         Harm     .   (gloves unavailable)
MR       +....                  (boots unavailable)
Stlth    ++........             (no amulet)
HPRegen  0.63/turn              l - +1 ring of evasion
MPRegen  0.14/turn              (no ring)

@: very slightly contaminated
A: large, unfitting armour, claws 3, dopey 1, fast metabolism 3, gourmand, magic
resistance 1, poison resistance, regeneration 1, shaggy fur 1, tough skin 2,
weak 1, inability to use devices
a: Renounce Religion


You were on level 8 of the Dungeon.
You worshipped Ru.
Ru was pleased with you.
You were not hungry.

You visited 1 branch of the dungeon, and saw 8 of its levels.

You collected 318 gold pieces.

Inventory:

Hand Weapons
 a - a +0 dagger of holy wrath
 j - a +0 dagger
 p - a +1 club
Armour
 c - a +1 robe (worn)
 g - a +0 shield
 i - a +0 robe
 o - a cursed +0 pair of boots
 v - a +1 hat (worn)
 w - a +0 helmet
Magical Staves
 r - an uncursed staff of death
Jewellery
 l - a +1 ring of evasion (left claw)
Scrolls
 f - 2 scrolls of fog
 h - 3 scrolls of identify
 m - a scroll of fear
 n - 4 scrolls of teleportation
 s - 2 scrolls of enchant weapon
Potions
 b - a potion of ambrosia {unknown}
 k - 2 potions of flight
 q - a potion of heal wounds
 t - a potion of curing
Books
 e - a book of Geomancy

   Spells                             Type                      Level
   a - Sandblast                      Earth                        1
   b - Passwall                       Transmutation/Earth          2
   c - Stone Arrow                    Conjuration/Earth            3
   d - Petrify                        Transmutation/Earth          4
   e - Lee's Rapid Deconstruction     Earth                        5
 u - a book of Maledictions

   Spells                             Type                      Level
   a - Corona                         Hexes                        1
   b - Ensorcelled Hibernation        Hexes/Ice                    2
   c - Confuse                        Hexes                        3
   d - Tukima's Dance                 Hexes                        3
   e - Dazzling Spray                 Conjuration/Hexes            3
 y - a book of Cantrips

   Spells                             Type                      Level
   a - Confusing Touch                Hexes                        1
   b - Animate Skeleton               Necromancy                   1
   c - Summon Small Mammal            Summoning                    1
   d - Apportation                    Translocation                1
Comestibles
 d - 3 rations


   Skills:
 * Level 1.6 Fighting
 + Level 3.4 Dodging
 - Level 2.0 Stealth
 - Level 0.8 Shields
 - Level 4.0 Unarmed Combat
 + Level 4.1 Spellcasting
 - Level 1.8 Conjurations
 * Level 1.7 Transmutations
 + Level 6.4 Earth Magic


You had 10 spell levels left.
You knew the following spells:

 Your Spells              Type           Power        Failure   Level  Hunger
a - Sandblast             Erth           ###...       1%          1    #......
b - Passwall              Tmut/Erth      ##........   7%          2    ##.....
c - Stone Arrow           Conj/Erth      ##....       13%         3    ###....


Dungeon Overview and Level Annotations

Branches:
Dungeon (8/15)             Temple (0/1) D:4
   Lair: D:8-11

Altars:
Fedhas
Hepliaklqana
Makhleb
Okawaru
Ru
Trog
The Shining One

Annotations:
D:8 Joseph


Innate Abilities, Weirdness & Mutations

You are too large for most types of armour.
You have claws for hands.
Your metabolism is lightning-fast.
You like to eat raw meat.
Your natural rate of healing is unusually fast.
You are covered in fur. (AC +1)
You have very tough skin. (AC +2)
You cannot study or use magical devices.
You are dopey. (Int -2)
You are resistant to hostile enchantments. (MR+)
Your system is resistant to poisons. (rPois)
You are weak. (Str -2)


Message History

Confirm with . or Enter, or press ? or * to list all spells.
Aiming: Stone Arrow
Press: ? - help, Shift-Dir - straight line, f/p - Joseph
Aim: Joseph, wielding a hunting sling and wearing a ring mail The stone arrow hits Joseph.
Joseph is lightly wounded.
Joseph shoots a sling bullet.
The sling bullet hits you.
* * * LOW HITPOINT WARNING * * *
Joseph shoots a sling bullet.
The sling bullet closely misses you.
Found a sharpened brass wand.
Found 9 bolts.
Joseph shoots a sling bullet.
The sling bullet barely misses you.
Casting: Stone Arrow
Confirm with . or Enter, or press ? or * to list all spells.
Which direction?
Joseph shoots a sling bullet.
The sling bullet hits you!
* * * LOW HITPOINT WARNING * * *
You begin to meditate on the wall.
You continue meditating on the rock.
Joseph shoots a sling bullet.
The sling bullet hits you!
You die...

...Y ###.#.### #...
#.......##### .#
#.#.##.#.#.......#####..
#......#.....###@#....##
.................#.#(...
....................../.
.#.....#.#).......#....
#.......#.####..##....
#.....###.).<#@.......
#<...## #######..###..
....... ..# #.#....#
...# # ....#. .....
...#. s ##.#.. ###.#. .
..... .....


You could see Joseph.

Vanquished Creatures
  2 hippogriffs
  Eustachio (D:5)
  An ice beast (D:5)
  A phantom (D:7)
  4 ogres
  4 bullfrogs
  A scorpion (D:5)
  A howler monkey (D:6)
  A bullfrog zombie (D:8)
  A crimson imp (D:6)
  3 orc priests
  3 iguanas
  4 worker ants
  6 orc wizards
  A hound skeleton (D:4)
  4 gnolls (D:2)
  9 adders
  A shadow imp (D:7)
  2 oozes
  An adder skeleton (D:8)
  6 worms
  3 dart slugs
  6 leopard geckos
  19 orcs
  5 bats
  3 giant cockroaches (D:3)
  11 goblins
  12 hobgoblins
  4 jackals (D:3)
  7 kobolds
  3 quokkas
  2 ball pythons
  7 frilled lizards
  A jackal zombie (D:6)
  2 quokka skeletons (D:6)
  8 rats
150 creatures vanquished.

Notes
Turn   | Place    | Note
-------+----------+-------------------------------------------
     0 | D:1      | decada the Troll Earth Elementalist began the quest for the Orb.
     0 | D:1      | Reached XP level 1. HP: 16/16 MP: 1/1
    54 | D:1      | Reached skill level 3 in Earth Magic
    71 | D:1      | Reached XP level 2. HP: 10/24 MP: 0/2
   474 | D:1      | Reached XP level 3. HP: 31/31 MP: 1/4
   620 | D:2      | Found a faded altar of an unknown god.
   755 | D:2      | Learned a level 2 spell: Passwall
   808 | D:2      | Reached XP level 4. HP: 38/39 MP: 2/5
  1426 | D:2      | Reached skill level 4 in Earth Magic
  1511 | D:3      | Found a blossoming altar of Fedhas.
  1529 | D:3      | Reached XP level 5. HP: 45/45 MP: 3/7
  1533 | D:3      | Reached skill level 1 in Unarmed Combat
  1607 | D:3      | Found a sacrificial altar of Ru.
  1619 | D:3      | Became a worshipper of Ru the Awakened
  1652 | D:3      | Found a hazy altar of Hepliaklqana.
  1888 | D:3      | Learned a level 3 spell: Stone Arrow
  2089 | D:3      | Found a glowing drain.
  2695 | D:4      | Reached XP level 6. HP: 48/53 MP: 1/8
  2743 | D:4      | Found a staircase to the Ecumenical Temple.
  3490 | D:5      | Entered Level 5 of the Dungeon
  3735 | D:5      | Noticed Eustachio
  3846 | D:5      | Killed Eustachio
  3846 | D:5      | Reached XP level 7. HP: 38/59 MP: 1/10
  4044 | D:5      | Reached skill level 1 in Transmutations
  4044 | D:5      | Reached skill level 5 in Earth Magic
  4358 | D:5      | Found an iron altar of Okawaru.
  4362 | D:5      | Found a bloodstained altar of Trog.
  4370 | D:5      | Found a burning altar of Makhleb.
  4555 | D:6      | Gained mutation: You cannot study or use magical devices. [Ru sacrifice]
  4555 | D:6      | Reached * piety under Ru
  4555 | D:6      | Reached ** piety under Ru
  4839 | D:6      | Reached skill level 1 in Conjurations
  4924 | D:6      | Reached XP level 8. HP: 26/67 MP: 0/12
  5278 | D:6      | Found a glowing golden altar of the Shining One.
  5857 | D:7      | Noticed a hippogriff
  5866 | D:7      | Killed a hippogriff
  5866 | D:7      | Reached skill level 6 in Earth Magic
  5919 | D:7      | Gained mutation: You are weak. (Str -2) [potion of mutation]
  5919 | D:7      | Gained mutation: You are resistant to hostile enchantments. (MR+) [potion of mutation]
  5919 | D:7      | Gained mutation: You are dopey. (Int -2) [potion of mutation]
  5919 | D:7      | Gained mutation: Your system is resistant to poisons. (rPois) [potion of mutation]
  6325 | D:8      | Reached skill level 1 in Fighting
  6356 | D:8      | Noticed a hippogriff
  6368 | D:8      | Killed a hippogriff
  6368 | D:8      | Reached XP level 9. HP: 44/76 MP: 6/14
  6379 | D:8      | Noticed Joseph
  6400 | D:8      | Shot with a sling bullet by Joseph

Skill      XL: |  1  2  3  4  5  6  7  8 |
---------------+-------------------------+-----
Earth Magic    | 3 4 5 6 |  6.4
Dodging        | 2 3 |  3.4
Spellcasting   | 2 3 4 |  4.1
Unarmed Combat | 1 2 3 4 |  4.0
Transmutations | 1 |  1.7
Conjurations   | 1 |  1.8
Stealth        | 2 |  2.0
Fighting       | 1 |  1.6
Shields        | |  0.8

Action                   |  1- 3 |  4- 6 |  7- 9 || total
-------------------------+-------+-------+-------++-------
Melee: Unarmed           |    44 |   147 |   154 ||   345
       Punch             |       |     1 |     2 ||     3
 Cast: Sandblast         |    34 |    67 |    55 ||   156
       Passwall          |     1 |     6 |     4 ||    11
       Stone Arrow       |       |    16 |    30 ||    46
Invok: Sacrifice Artific |       |       |     1 ||     1
  Use: Scroll            |     4 |     3 |     7 ||    14
       Potion            |       |     5 |     3 ||     8
 Stab: Invisible         |       |       |     1 ||     1
  Eat: Chunk             |     6 |    21 |    14 ||    41
       Ration            |     1 |     3 |     4 ||     8
Armor: Robe              |    18 |    71 |    66 ||   155
Dodge: Dodged            |    26 |   112 |    67 ||   205
Block: Shield            |       |    27 |    26 ||    53
